Cogmind - Beta 14 @@@ ROGUE MODE // 2025.02.28 @ 10:53:58 Player: swetpototo Result: Destroyed by L-31 Rogue with Katana Performance ------------- Evolutions (2) 1000 Regions Visited (3) 600 Robots Destroyed (38) 190 Value Destroyed (849) 849 Prototype IDs (3) 60 Alien Tech Used (0) 0 Bonus (19) 19 TOTAL SCORE: 2718 Bonus ------- High Alert Combat Kills 19 Cogmind --------- Core Integrity 0/550 Matter 300/300 Energy 74/160 System Corruption 17% Temperature Cool (0) Movement Walking (120) Location -8/Materials Parts ------- > --- POWER (2) -------- Light Nuclear Core > --- PROPULSION (2) --- Aluminum Leg > --- UTILITY (4) ------ (None) > --- WEAPON (3) ------- (None) > --- INVENTORY (5) ---- Light Treads Heat Sink Cooling System Core Shielding Peak State ------------ > --- POWER ------------ Improved Ion Engine > --- PROPULSION ------- Aluminum Leg Improved Aluminum Leg > --- UTILITY ---------- Cooling System Small Storage Unit Structural Scanner Hacking Suite > --- WEAPON ----------- EM Pulse Cannon EM Pulse Cannon > --- INVENTORY -------- Light Ion Engine Light Treads Compact Wheel Heat Sink Core Shielding EM Pulse Cannon EM Pulse Cannon Grenade Launcher [Rating: 19] Favorites ----------- Power Light Ion Engine Engine Light Ion Engine Power Core Light Nuclear Core Propulsion Aluminum Leg Leg Aluminum Leg Wheel Compact Wheel Flight Unit Improved Flight Unit Utility Small Storage Unit Device Seismic Detector Storage Small Storage Unit Processor Advanced Visual Processing Unit Hackware Hacking Suite Protection Medium Armor Plating Weapon EM Pulse Gun Energy Gun EM Pulse Gun Energy Cannon EM Pulse Cannon Build | -11 -10 -9 -8 ------- Run | Yrd Mat Mat Mat Slots Evolved 4 | . . 2 2 Power 1 | . . . 1 Propulsion . | . . . . Utility 2 | . . 2 . Weapon 1 | . . . 1 Parts Attached 41 | . 4 24 13 Power 10 | . 1 5 4 Engine 9 | . 1 5 3 Core 1 | . . . 1 Reactor . | . . . . Propulsion 8 | . . 5 3 Treads . | . . . . Leg 6 | . . 4 2 Wheel 1 | . . . 1 Hover . | . . . . Flight 1 | . . 1 . Utility 10 | . 1 6 3 Device 4 | . 1 3 . Storage 2 | . . . 2 Processor 1 | . . . 1 Hackware 1 | . . 1 . Protection 2 | . . 2 . Artifact . | . . . . Weapon 13 | . 2 8 3 Energy Gun 5 | . 2 3 . Energy Cannon 8 | . . 5 3 Ballistic Gun . | . . . . Ballistic Cannon . | . . . . Launcher . | . . . . Special Weapon . | . . . . Impact Weapon . | . . . . Slashing Weapon . | . . . . Piercing Weapon . | . . . . Special Melee Weapon . | . . . . Unidentified Prototypes 3 | . . 3 . Corrupted Parts 3 | . . 2 1 System Corruption 7 | . . 5 2 Parts Lost 23 | . . 7 16 Power 5 | . . 2 3 Propulsion 4 | . . 1 3 Utility 7 | . . 1 6 Weapon 7 | . . 3 4 Highest Loss Streak 11 | . . 4 11 To Critical Strikes . | . . . . Average Slot Usage (%) 86 | . 97 90 55 Engine 10 | . 14 10 5 Leg 20 | . 28 19 8 Device 13 | . 11 15 11 Storage 11 | . 14 11 6 Hackware 5 | . . 9 5 Protection 1 | . . 3 . Energy Gun 14 | . 27 10 . Energy Cannon 7 | . . 9 13 Peak Build Rating 19 | . 8 19 19 Average Rating 11 | . 7 13 12 On Entrance 9 | 6 6 8 19 Naked Turns . | . . . . Heaviest Build 27 | 12 13 27 27 Greatest Support 23 | 20 20 23 23 Greatest Overweight (x) 6 | . . 6 2 Average Overweight (x) . | . . . 1 Largest Inventory Capacity 8 | . 8 8 8 Average Capacity 7 | . 8 8 7 Most Carried 8 | . 8 8 8 Average Carried 7 | . 7 7 6 Final Capacity 8 | 8 8 8 5 Final Carried 8 | 6 8 8 4 Class Distribution -------------------- 74% | Mutant 25% | Scavenger-Mutant Dominant Class ---------------- Mutant | -10/Materials Mutant | -9/Materials Mutant | -8/Materials Resources | -11 -10 -9 -8 ----------- Run | Yrd Mat Mat Mat Matter Collected 543 | 200 40 227 76 Remotely . | . . . . Salvage Created 1389 | . 109 1082 198 Parts 92 | . 10 71 11 Haulers Intercepted 5 | . 1 4 . Recyclers Shooed . | . . . . Parts Field Recycled . | . . . . Retrieved Matter . | . . . . Parts Self-Destructed . | . . . . Prevented . | . . . . Kills | -11 -10 -9 -8 ------- Run | Yrd Mat Mat Mat Combat Hostiles Destroyed 25 | . . 21 4 Guns 10 | . . 10 . Cannons 13 | . . 10 3 AOE 1 | . . 1 . Classes Destroyed 9 | . 4 5 . Worker 2 | . . 2 . Builder 2 | . 1 1 . Tunneler 1 | . 1 . . Hauler 5 | . 1 4 . Operator 3 | . 2 1 . Swarmer 8 | . . 8 . Grunt 11 | . . 9 2 Duelist 1 | . . 1 . Sentry 5 | . . 3 2 Best Kill Streak 5 | . 2 5 3 Combat Bots Only 5 | . . 5 3 Max Kills in Single Turn 1 | . 1 1 1 Gunslinging . | . . . . Exploded 1 | . . 1 . Melee . | . . . . Uniques/NPCs Destroyed . | . . . . Combat | -11 -10 -9 -8 -------- Run | Yrd Mat Mat Mat Hostile Shots Fired 218 | . . 111 107 Missed 58 | . . 28 30 Damage Taken 2418 | . 39 1017 1362 Core 765 | . . 215 550 Absorbed by Shields . | . . . . Core Remaining (%) 82 | 100 100 46 . Volleys Fired 103 | . 9 72 22 Largest 2 | . 2 2 2 Hottest 136 | . 90 136 126 Shots Fired 167 | . 18 122 27 Gun 92 | . 18 74 . Cannon 75 | . . 48 27 Launcher . | . . . . Special . | . . . . Kinetic . | . . . . Thermal 45 | . 1 26 18 Explosive . | . . . . Electromagnetic 122 | . 17 96 9 Robot Hit Streak 9 | . 2 9 5 Robot Miss Streak 4 | . 2 4 3 Penetration Max . | . . . . Secondary Targets 1 | . . 1 . Max Gunslinging Chain 1 | . . 1 . Shots Hit Robots 107 | . 9 81 17 Core Hits 49 | . 5 40 4 Critical Kills 1 | . . . 1 Critical Parts Destroyed . | . . . . Critical Strikes 4 | . . 3 1 Meltdown 1 | . . . 1 Corrupt 3 | . . 3 . Melee Attacks . | . . . . Impact . | . . . . Slashing . | . . . . Piercing . | . . . . Sneak Attacks . | . . . . Combat Hostiles . | . . . . Follow-up Attacks . | . . . . Damage Inflicted 2043 | . 162 1439 442 Guns 830 | . 134 696 . Cannons 1139 | . . 708 431 Explosions 57 | . 25 32 . Melee . | . . . . Ramming 17 | . 3 3 11 Kinetic . | . . . . Thermal 779 | . 37 444 298 Explosive . | . . . . Electromagnetic 1247 | . 122 992 133 Impact . | . . . . Slashing . | . . . . Piercing . | . . . . Highest Corruption 17 | . 1 8 17 Average Corruption 4 | . 1 4 12 Corruption Purged . | . . . . Corruption Blocked . | . . . . Effects 25 | . 5 15 5 Message Errors 8 | . 2 6 . Matter Fused 6 | . 1 2 3 Heat Flow Errors 3 | . 1 2 . Energy Discharges 2 | . 1 1 . Parts Rejected 1 | . . . 1 Parts Fused 1 | . . 1 . Data Loss (minor) 1 | . . 1 . Data Loss (major) 1 | . . 1 . Misfires 1 | . . 1 . Alerts 1 | . . . 1 Overload Shots . | . . . . Overflow Damage 10 | . . 10 . Projectiles 10 | . . 10 . Explosions . | . . . . Melee . | . . . . Knockbacks . | . . . . Impact . | . . . . Kinetic . | . . . . Secondary . | . . . . Self-Inflicted Damage 40 | . 39 1 . Shots 1 | . 1 . . Rammed 2 | . . 2 . Targets Rammed 11 | . 1 4 6 Kicked 9 | . 1 2 6 Crushed . | . . . . Highest Temperature 410 | . 212 410 221 Average Temperature 85 | . 45 85 120 Received Heat Transfer 756 | . . 297 459 Effects 2 | . . 2 . Short Circuit 2 | . . 2 . Siege Activations . | . . . . Robots Corrupted . | . . . . Combat Hostiles . | . . . . Parts Fried 4 | . 1 2 1 Impact Corruptions . | . . . . Robots Melted 1 | . . . 1 Combat Hostiles 1 | . . . 1 Parts Melted 2 | . . 1 1 Heat Transferred 1358 | . 87 790 481 Parts Sabotaged . | . . . . Parts Stolen . | . . . . Parts Stripped . | . . . . Power Chain Reactions 2 | . 1 1 . Alert | -11 -10 -9 -8 ------- Run | Yrd Mat Mat Mat Peak Influence 504 | . 70 504 231 Initial 170 | . . 10 170 Average 158 | . 27 229 193 Maximum Alert Level 2 | . . 2 1 Low Security (%) 63 | . 100 43 56 Level 1 29 | . . 43 43 Level 2 6 | . . 12 . Level 3 . | . . . . Level 4 . | . . . . Level 5 . | . . . . High Security . | . . . . Max Security . | . . . . Squads Dispatched 5 | . 1 4 . Investigation 3 | . . 3 . Extermination . | . . . . Reinforcement 2 | . 1 1 . Assault . | . . . . Garrison . | . . . . Intercept . | . . . . Searches Triggered . | . . . . Construction Impeded . | . . . . Haulers Reinforced . | . . . . Active Scanning Responses . | . . . . Cargo Convoy Interrupts . | . . . . Stealth | -11 -10 -9 -8 --------- Run | Yrd Mat Mat Mat Distress Signals 1 | . . . 1 Communications Jammed . | . . . . Distress Signals . | . . . . Times Spotted 57 | . 9 37 11 Peak Tracking Total 5 | . 4 5 5 Tactical Retreats 4 | . . 4 . Traps | -11 -10 -9 -8 ------- Run | Yrd Mat Mat Mat Traps Triggered 3 | . 2 1 . Indirectly . | . . . . Trap Hack Attempts . | . . . . Triggered . | . . . . Disarmed . | . . . . Reprogrammed . | . . . . Reused . | . . . . Traps Extracted . | . . . . Installed . | . . . . Triggered . | . . . . Machines | -11 -10 -9 -8 ---------- Run | Yrd Mat Mat Mat Machines Disabled 2 | . . 1 1 Max in Single Turn 1 | . . 1 1 Machines Repaired . | . . . . Machines Dismantled . | . . . . Machines Sabotaged . | . . . . Overloaded Fab Kills . | . . . . Hacking | -11 -10 -9 -8 --------- Run | Yrd Mat Mat Mat Machines Accessed 5 | . 3 1 1 Terminals 5 | . 3 1 1 Fabricators . | . . . . Repair Stations . | . . . . Recycling Units . | . . . . Scanalyzers . | . . . . Garrison Access . | . . . . Total Hacks 14 | . 9 2 3 Successful 8 | . 6 . 2 Failed 6 | . 3 2 1 Catastrophic 1 | . . 1 . Database Lockouts . | . . . . Manual 11 | . 7 2 2 Terminals 14 | . 9 2 3 Fabricators . | . . . . Repair Stations . | . . . . Recycling Units . | . . . . Scanalyzers . | . . . . Garrison Access . | . . . . Terminal Hacks 4 | . 3 . 1 Branch Access Points 1 | . . . 1 Alert Level 1 | . 1 . . Dispatch Records 1 | . 1 . . Zone Layout 1 | . 1 . . Fabricator Hacks . | . . . . Repair Station Hacks . | . . . . Recycling Unit Hacks . | . . . . Scanalyzer . | . . . . Garrison Access Hacks . | . . . . Unauthorized Hacks 4 | . 3 . 1 Terminals 4 | . 3 . 1 Botnet 4 | . 3 . 1 Fabricators . | . . . . Repair Stations . | . . . . Recycling Units . | . . . . Scanalyzers . | . . . . Garrison Access . | . . . . Data Cores Recovered 2 | . 1 1 . Used 1 | . 1 . . Hacking Detections 5 | . 3 1 1 Full Trace Events 2 | . . 1 1 Feedback Events 1 | . . 1 . Corruption 1 | . . 1 . Feedback Blocked . | . . . . Robot Schematics Acquired . | . . . . Robots Built . | . . . . Authchips . | . . . . Time . | . . . . Total Robot Build Rating . | . . . . Part Schematics Acquired . | . . . . Parts Built . | . . . . Authchips . | . . . . Time . | . . . . Total Part Build Rating . | . . . . Parts Repaired . | . . . . Time . | . . . . Parts Recycled . | . . . . Recycled Matter . | . . . . Retrieved Matter . | . . . . Retrieved Components . | . . . . Parts Scanalyzed . | . . . . Part Schematics Acquired . | . . . . Parts Damaged . | . . . . Bothacking | -11 -10 -9 -8 ------------ Run | Yrd Mat Mat Mat Used RIF Installer . | . . . . Robots Hacked . | . . . . Non-combat . | . . . . Combat . | . . . . Robot Hacks Applied . | . . . . Relay Couplers Released . | . . . . Fabnet Peak Effective % . | . . . . Robots Rewired . | . . . . Allies Hacked . | . . . . Hacks Repelled . | . . . . Allies | -11 -10 -9 -8 -------- Run | Yrd Mat Mat Mat Total Allies . | . . . . Largest Group . | . . . . Highest-Rated Group . | . . . . Highest-Rated Ally . | . . . . Total Orders . | . . . . Ally Attacks . | . . . . Total Damage . | . . . . Kills . | . . . . Allies Corrupted . | . . . . Allies Melted . | . . . . Intel | -11 -10 -9 -8 ------- Run | Yrd Mat Mat Mat Robot Analysis Total . | . . . . Derelict Logs Recovered . | . . . . Drone Launches . | . . . . Drone Recoveries . | . . . . Exploration | -11 -10 -9 -8 ------------- Run | Yrd Mat Mat Mat Turns Passed 1950 | . 627 978 345 Spaces Moved 926 | 1 386 416 123 Core 6 | . . 3 3 Treads . | . . . . Legs 904 | 1 386 413 104 Wheels 16 | . . . 16 Hover . | . . . . Flight . | . . . . Fastest Speed 100 | 120 120 120 100 Average Speed 151 | 120 120 165 202 Slowest Speed 350 | 120 120 350 260 Overloaded Moves . | . . . . Propulsion Burnouts . | . . . . Robots Hopped . | . . . . Cave-ins Triggered . | . . . . Exploration Rate (%) 26 | 2 59 35 11 Regions Visited 3 Branch Regions . Pre-discovered Areas . | . . . . Known Exits Taken . | . . . . Unknown Exits Taken 3 | 1 1 1 . Scrap Searched . | . . . . Spaces Dug . | . . . . Terrain Destroyed 7 | . 3 4 . Melee . | . . . . Projectile . | . . . . AOE 7 | . 3 4 . Terrain Rammed . | . . . . Walls Destroyed . | . . . . Machines Disabled . | . . . . Actions | -11 -10 -9 -8 --------- Run | Yrd Mat Mat Mat Total 1296 | . 532 579 185 Wait 183 | . 122 41 20 Move 923 | . 385 415 123 Hop . | . . . . Pick Up 12 | . 6 6 . Fast Attach 33 | . 4 18 11 Attach 7 | . . 5 2 Detach 5 | . . 4 1 Swap 2 | . . 2 . Drop 17 | . 5 12 . Fire 103 | . 9 72 22 Melee . | . . . . Ram 2 | . . 2 . Kick 9 | . 1 2 6 Crush . | . . . . Escape Stasis . | . . . . Rewire . | . . . . Trap . | . . . . Miscellaneous . | . . . . Route ------- -11/Scrapyard -10/Materials (discovered 2 exits: *Mat x2) -9/Materials -8/Materials History --------- Turn | Location | Event 1 | -11/Scrapyard | Discovered new exit (range 0) 1 | -11/Scrapyard | Entered Materials 199 | -10/Materials | Discovered new exit (range 13) 315 | -10/Materials | Build established: Mutant 463 | -10/Materials | Discovered new exit (range 16) 628 | -10/Materials | Entered another Materials area 628 | -9/Materials | Evolved 2 slots: Utility x2 1077 | -9/Materials | Lost 4 parts (1p1n2w) 1227 | -9/Materials | Core integrity fell below 50% 1448 | -9/Materials | Build established: Scavenger-Mutant 1602 | -9/Materials | Discovered new exit (range 3) 1606 | -9/Materials | Entered another Materials area 1606 | -8/Materials | Evolved 2 slots: Power x1, Weapon x1 1869 | -8/Materials | System corruption reached 10% 1903 | -8/Materials | Core integrity fell below 50% 1905 | -8/Materials | Lost 11 parts (1p1n6u3w) 1942 | -8/Materials | Core integrity fell below 20% 1951 | -8/Materials | Destroyed by L-31 Rogue with Katana Last Messages --------------- 01897_ Terminal disabled. 01905_ G-47 Trooper destroyed. 01908_ Imp. Ion Engine destroyed. 01911_ G-47 Trooper suffers critical hit (Meltdown). 01911_ Aluminum Leg melted. 01912_ System corrupted: Matter fused (-5). 01922_ Critical hit (Burn: +37). 01925_ Y-45 Defender destroyed. 01927_ Acquired 16 matter. 01929_ System corrupted: IFF burst signal emitted. 01932_ Acquired Aluminum Leg. 01939_ Ion Cannon destroyed. 01940_ Acquired 15 matter. 01945_ Aluminum Leg destroyed. 01946_ Acquired Lgt. Nuclear Core. 01948_ Kicked G-47 Trooper. 01949_ Kicked G-47 Trooper out of the way. 01950_ Kicked G-47 Trooper. Map ----- +----------------------------------------------------+ | ????????????????????????????## ?????????????????? | | ????????????????????????????## ?????????????????? | | ????????????????????????????## ????????????????? | | ????????????????????????????##/#########?????????? | | ????????????????????????????## ######## ?????????? | | ????????????????????????????## ## # ?????????? | | ????????????????????????????## ##[ !!# ?????????? | | ?????????????????? #?## ## [# ?????????? | | ???###################+####### ## # ?????????? | | ???################# ##### ## ! ##?????????? | | ??? # # ?????????? | | ????? + ! # ?????????? | | ?????? # # ?????????? | | ?????????? ######### ##### ## # ?????????? | | ?????????? ########## ######+######## ?????????? | | ?????????? # # # ## ?????????? | | ?????????? # """ # # =##??????????? | | ?????????? # "R + + """"" ##??????????? | | ?????????? # """ # %# """"""""" ##??????????? | | ?????????? # # ] # """ """ ##??????????? | | ?????????? # """ # % ###############??????????? | | ?????????? # """ #!=/# ##########??????????? | | ?????????? # """ ? # % # ""%# ??????????????????? | | ?????????? # ? # # " # ??????????????????? | | ?????????? #######?## /g% ]# ??????????????????? | | ?????????? ########## #@g%=# ??????????????????? | | ?????? ########## # l # ??????????????????? | | ?????? # % # ??????????????????? | | ?????? # # ??????????????????? | | ???????############## # # ??????????????????? | | ???????# # ###### ????????????????? | | ????????????"" """ + #########????????????????? | | ????????????"" """ # # # ????????????????? | | ?????????????" """ # # # ????????????????? | | ???????????? # # # ????????????????? | | ?????????############ # ##????????????????? | | ?????????############ + ##????????????????? | | ?????????## # # ##????????????????? | | ?????????## """ + # ##????????????????? | | ??????????? """ # # = ##????????????????? | | ???????????? """ # # ! ##????????????????? | | ????????????"S # # ? ##????????????????? | | ?????????????"" ##### ? ##????????????????? | | ?????????????"" ? ##### ?? ##????????????????? | | ??????????? ?????????? ##????????????????? | | ???????????#######??????????#####????????????????? | | ???????????#######??????????#####????????????????? | | ?????????????????????????????????????????????????? | | ?????????????????????????????????????????????????? | | ?????????????????????????????????????????????????? | +----------------------------------------------------+ Best States ------------- Heat Dissipation 53 Energy Generation 14 Energy Capacity 300 Matter Stores 300 Matter Capacity 300 Sight Range 20 Terrain Scan Density 10 Armor Coverage 225 Evasion (%) 55 Offensive Hacking 10 Item Schematics ----------------- None Robot Schematics ------------------ None Fabricated ------------ Nothing Alien Tech Used ----------------- None Achievements -------------- None Challenges ------------ None Game ------ Seed MetafieldThiefFlail Manual? 0 Play Time 00:21:52 Cumulative 91.2 hours Start 2025.02.27 @ 19:40:08 End 2025.02.28 @ 10:53:58 Sessions 3 Manual Loads 0 Difficulty Rogue Special Mode None Game No. 113 Rogue 43 Adventurer 54 Explorer 16 Win Type - Total 9 Types 8/0/1/0/0/0/0/0/0 Lore% 30 Gallery% 59 Achievement% 44 Wizard Run 0 Options --------- Layout 2 ASCII 0 Keyboard 1 Movement Arrows Keybinds 1 Fullscreen 2 Font 24/Smallcaps Map View 50x49 Zoom Use 0% Tactical HUD 1 Map Filters NONE Filters NONE Steam 1 RUN: ea287d0d-e23d-4998-bbed-092fc0357339